| TOP OF THE 1ST |
|
San Antonio Missions batting - Pitching for Biloxi Shuckers : RHP Travis Southern
|
|
Pitching: RHP Travis Southern
|
|
|
Batting: LHB Tsutomu Miyahara
|
0-0: Called Strike 0-1: Foul Ball, location: 2F 0-2: Ball 1-2: Ball 2-2: Foul Ball, location: 2F 2-2: Foul Ball, location: 2F 2-2: Strikes out swinging
|
|
Batting: LHB Ben Antal
|
0-0: Fly out, F7 (Line Drive, 7, EV 109.4 MPH)
|
|
Batting: LHB Conrad Taylor
|
0-0: Ball 1-0: Called Strike 1-1: Ball 2-1: Foul Ball, location: 2F 2-2: Foul Ball, location: 2F 2-2: Foul Ball, location: 2F 2-2: Ball 3-2: Foul Ball, location: 2F 3-2: Foul Ball, location: 2F 3-2: Foul Ball, location: 2F 3-2: DOUBLE (Line Drive, 9LS, EV 103.8 MPH)
|
|
Batting: RHB Kyle Davis
|
0-0: Ball 1-0: Foul Ball, location: 2F 1-1: Foul Ball, location: 2F 1-2: Ball 2-2: Foul Ball, location: 2F 2-2: Strikes out looking
|
| Top of the 1st over - 0 runs, 1 hit, 0 errors, 1 left on base; San Antonio 0 - Biloxi 0 |
| BOTTOM OF THE 1ST |
|
Biloxi Shuckers batting - Pitching for San Antonio Missions : RHP Chris Leavitt
|
|
Pitching: RHP Chris Leavitt
|
|
|
Batting: RHB Akitada Nishizawa
|
0-0: DOUBLE (Line Drive, 7LD, EV 111.9 MPH)
|
|
Batting: LHB Mike Staley
|
0-0: Foul Ball, location: 2F 0-1: Ball Akitada Nishizawa steals 3rd base 1-1: Foul Ball, location: 2F 1-2: Ground out 5-3 (Groundball, 56, EV 108.8 MPH) Akitada Nishizawa scores
|
|
Batting: SHB Jamel Wright
|
0-0: Ball 1-0: Swinging Strike 1-1: Called Strike 1-2: Ground out 5-3 (Groundball, 5, EV 89.4 MPH)
|
|
Batting: RHB Mike Ball
|
0-0: Foul Ball, location: 2F 0-1: Ground out U3 (Groundball, 3S, EV 78.1 MPH)
|
| Bottom of the 1st over - 1 run, 1 hit, 0 errors, 0 left on base; San Antonio 0 - Biloxi 1 |
| TOP OF THE 2ND |
|
San Antonio Missions batting - Pitching for Biloxi Shuckers : RHP Travis Southern
|
|
Batting: LHB Corey Lewis
|
0-0: Ball 1-0: Called Strike 1-1: Ball 2-1: Ball 3-1: SINGLE (Groundball, 25, EV 66.9 MPH) (infield hit)
|
|
Batting: RHB Min-chin Yi
|
0-0: Called Strike 0-1: Called Strike 0-2: Ball 1-2: Foul Ball, location: 2F 1-2: Foul Ball, location: 2F 1-2: 2-RUN HOME RUN (Flyball, 9LD, EV 90.0 MPH), Distance : 350 ft
|
|
Batting: SHB Curtis Thompson
|
0-0: Ball 1-0: Ball 2-0: DOUBLE (Flyball, 8LXD, EV 104.4 MPH)
|
|
Batting: LHB Josh Slusarczyk
|
0-0: Fly out, F8 (Line Drive, 8LD, EV 100.0 MPH)
|
|
Batting: RHB Nate Burkhalter
|
0-0: Fly out, F8 (Line Drive, 8RD, EV 88.8 MPH)
|
|
Batting: LHB Tsutomu Miyahara
|
0-0: Called Strike 0-1: Fly out, F8 (Flyball, 8RS, EV 83.1 MPH)
|
| Top of the 2nd over - 2 runs, 3 hits, 0 errors, 1 left on base; San Antonio 2 - Biloxi 1 |
| BOTTOM OF THE 2ND |
|
Biloxi Shuckers batting - Pitching for San Antonio Missions : RHP Chris Leavitt
|
|
Batting: RHB Eddie McCoy
|
0-0: Foul Ball, location: 2F 0-1: Ground out 6-3 (Groundball, 6, EV 105.6 MPH)
|
|
Batting: RHB Joe LaDue
|
0-0: Ball 1-0: Called Strike 1-1: Foul Ball, location: 2F 1-2: Foul Ball, location: 2F 1-2: Ball 2-2: Ball 3-2: Foul Ball, location: 2F 3-2: Fly out, F7 (Flyball, 78M, EV 88.1 MPH)
|
|
Batting: RHB Nick Garland
|
0-0: Foul Ball, location: 2F 0-1: Ball 1-1: Foul Ball, location: 2F 1-2: Strikes out looking
|
| Bottom of the 2nd over - 0 runs, 0 hits, 0 errors, 0 left on base; San Antonio 2 - Biloxi 1 |
| TOP OF THE 3RD |
|
San Antonio Missions batting - Pitching for Biloxi Shuckers : RHP Travis Southern
|
|
Batting: LHB Ben Antal
|
0-0: Called Strike 0-1: Ball 1-1: Ball 2-1: Foul Ball, location: 2F 2-2: Fly out, F3 (Popup, 23F, EV 76.9 MPH)
|
|
Batting: LHB Conrad Taylor
|
0-0: Ball 1-0: Called Strike 1-1: Swinging Strike 1-2: Foul Ball, location: 2F 1-2: Ball 2-2: Foul Ball, location: 2F 2-2: Ball 3-2: Base on Balls
|
|
Batting: RHB Kyle Davis
|
0-0: Ball Wild Pitch! Conrad Taylor to second 1-0: SINGLE (Line Drive, 56D, EV 95.0 MPH) Conrad Taylor to third
|
|
Batting: LHB Corey Lewis
|
0-0: Called Strike 0-1: Ball 1-1: Called Strike 1-2: Foul Ball, location: 2F 1-2: Ball 2-2: Strikes out looking
|
|
Batting: RHB Min-chin Yi
|
0-0: Called Strike 0-1: Called Strike 0-2: Ball 1-2: Ball 2-2: Foul Ball, location: 2F 2-2: SINGLE (Groundball, 4, EV 95.6 MPH) Conrad Taylor scores Kyle Davis to second
|
|
Batting: SHB Curtis Thompson
|
0-0: Fly out, F6 (Popup, 4M, EV 71.9 MPH)
|
| Top of the 3rd over - 1 run, 2 hits, 0 errors, 2 left on base; San Antonio 3 - Biloxi 1 |
| BOTTOM OF THE 3RD |
|
Biloxi Shuckers batting - Pitching for San Antonio Missions : RHP Chris Leavitt
|
|
Batting: RHB Eric Sullivan
|
0-0: Fly out, F9 (Flyball, 9, EV 90.0 MPH)
|
|
Batting: RHB Jamie Youngs
|
0-0: Ball 1-0: Fly out, F8 (Flyball, 78D, EV 106.2 MPH)
|
|
Batting: RHB Akitada Nishizawa
|
0-0: Foul Ball, location: 2F 0-1: Foul Ball, location: 2F 0-2: Foul Ball, location: 2F 0-2: Ball 1-2: Ball 2-2: Foul Ball, location: 2F 2-2: Ground out 6-3 (Groundball, 6MS, EV 86.2 MPH)
|
| Bottom of the 3rd over - 0 runs, 0 hits, 0 errors, 0 left on base; San Antonio 3 - Biloxi 1 |
| TOP OF THE 4TH |
|
San Antonio Missions batting - Pitching for Biloxi Shuckers : RHP Travis Southern
|
|
Batting: LHB Josh Slusarczyk
|
0-0: Swinging Strike 0-1: Ball 1-1: Foul Ball, location: 2F 1-2: Foul Ball, location: 2F 1-2: Strikes out looking
|
|
Batting: RHB Nate Burkhalter
|
0-0: Called Strike 0-1: Foul Ball, location: 2F 0-2: Strikes out looking
|
|
Batting: LHB Tsutomu Miyahara
|
0-0: Ball 1-0: Foul Ball, location: 2F 1-1: Ball 2-1: Called Strike 2-2: Strikes out swinging
|
| Top of the 4th over - 0 runs, 0 hits, 0 errors, 0 left on base; San Antonio 3 - Biloxi 1 |
| BOTTOM OF THE 4TH |
|
Biloxi Shuckers batting - Pitching for San Antonio Missions : RHP Chris Leavitt
|
|
Batting: LHB Mike Staley
|
0-0: Ball 1-0: Ball 2-0: Ground out 5-3 (Groundball, 5, EV 81.9 MPH)
|
|
Batting: SHB Jamel Wright
|
0-0: Ball 1-0: Called Strike 1-1: Ground out 6-3 (Groundball, 6, EV 88.8 MPH)
|
|
Batting: RHB Mike Ball
|
0-0: Called Strike 0-1: Foul Ball, location: 2F 0-2: Ball 1-2: Ground out 1-3 (Groundball, 15S, EV 67.5 MPH)
|
| Bottom of the 4th over - 0 runs, 0 hits, 0 errors, 0 left on base; San Antonio 3 - Biloxi 1 |
| TOP OF THE 5TH |
|
San Antonio Missions batting - Pitching for Biloxi Shuckers : RHP Travis Southern
|
|
Batting: LHB Ben Antal
|
0-0: Ground out 4-3 (Groundball, 34, EV 92.5 MPH)
|
|
Batting: LHB Conrad Taylor
|
0-0: Ball 1-0: Foul Ball, location: 2F 1-1: SINGLE (Line Drive, 78M, EV 103.8 MPH)
|
|
Batting: RHB Kyle Davis
|
0-0: Called Strike 0-1: SINGLE (Line Drive, 78S, EV 91.9 MPH) Conrad Taylor to second
|
|
Batting: LHB Corey Lewis
|
0-0: Called Strike 0-1: Ball 1-1: Ball 2-1: Swinging Strike 2-2: Strikes out swinging
|
|
Batting: RHB Min-chin Yi
|
0-0: Ball 1-0: Called Strike 1-1: Called Strike 1-2: Strikes out swinging
|
| Top of the 5th over - 0 runs, 2 hits, 0 errors, 2 left on base; San Antonio 3 - Biloxi 1 |
| BOTTOM OF THE 5TH |
|
Biloxi Shuckers batting - Pitching for San Antonio Missions : RHP Chris Leavitt
|
|
Batting: RHB Eddie McCoy
|
0-0: Swinging Strike 0-1: Ball 1-1: Ball 2-1: Foul Ball, location: 2F 2-2: Ball 3-2: Base on Balls
|
|
Batting: RHB Joe LaDue
|
0-0: Ball 1-0: Foul Ball, location: 2F 1-1: Ball 2-1: Swinging Strike 2-2: Foul Ball, location: 2F 2-2: Fly out, F8 (Flyball, 8LD, EV 91.9 MPH)
|
|
Batting: RHB Nick Garland
|
0-0: Ball 1-0: Fly out, F9 (Flyball, 89M, EV 91.9 MPH)
|
|
Batting: RHB Eric Sullivan
|
0-0: Ball 1-0: Ball 2-0: Called Strike 2-1: Fielders Choice at 2nd, U6 (Groundball, 4MD, EV 101.2 MPH)
|
| Bottom of the 5th over - 0 runs, 0 hits, 0 errors, 1 left on base; San Antonio 3 - Biloxi 1 |
| TOP OF THE 6TH |
|
San Antonio Missions batting - Pitching for Biloxi Shuckers : RHP Travis Southern
|
|
Batting: SHB Curtis Thompson
|
0-0: Called Strike 0-1: Swinging Strike 0-2: Ball 1-2: Foul Ball, location: 2F 1-2: Foul Ball, location: 2F 1-2: Ball 2-2: Ground out U3 (Groundball, 34, EV 81.9 MPH)
|
|
Pitching: RHP Austin Trzcinski
|
|
|
Batting: LHB Josh Slusarczyk
|
0-0: Ball 1-0: Foul Ball, location: 2F 1-1: Ball 2-1: Ball 3-1: Base on Balls
|
|
Batting: RHB Nate Burkhalter
|
0-0: Ball 1-0: Fly out, F5 (Line Drive, 5, EV 62.5 MPH)
|
|
Batting: LHB Tsutomu Miyahara
|
0-0: SINGLE (Line Drive, 8LS, EV 98.1 MPH) Josh Slusarczyk to second
|
|
Batting: LHB Ben Antal
|
0-0: Called Strike 0-1: Called Strike 0-2: Ball 1-2: Foul Ball, location: 2F 1-2: Reached on error, E6 (Groundball, 6, EV 86.2 MPH) Josh Slusarczyk to third Tsutomu Miyahara to second
|
|
Batting: LHB Conrad Taylor
|
0-0: Swinging Strike 0-1: Called Strike 0-2: Ball 1-2: Fielders Choice at 2nd, 6-4 (Groundball, 6, EV 86.9 MPH)
|
| Top of the 6th over - 0 runs, 1 hit, 1 error, 3 left on base; San Antonio 3 - Biloxi 1 |
| BOTTOM OF THE 6TH |
|
Biloxi Shuckers batting - Pitching for San Antonio Missions : RHP Chris Leavitt
|
|
Batting: RHB Jamie Youngs
|
0-0: Ball 1-0: Called Strike 1-1: Fly out, F9 (Flyball, 9S, EV 73.1 MPH)
|
|
Batting: RHB Akitada Nishizawa
|
0-0: Called Strike 0-1: Fly out, F8 (Flyball, 8RD, EV 90.6 MPH)
|
|
Batting: LHB Mike Staley
|
0-0: Ball 1-0: Ball 2-0: Foul Ball, location: 2F 2-1: Ball 3-1: Ground out U3 (Groundball, 3, EV 78.1 MPH)
|
| Bottom of the 6th over - 0 runs, 0 hits, 0 errors, 0 left on base; San Antonio 3 - Biloxi 1 |
| TOP OF THE 7TH |
|
San Antonio Missions batting - Pitching for Biloxi Shuckers : RHP Austin Trzcinski
|
|
Pitching: LHP Trevor Sharp
|
|
|
Batting: RHB Kyle Davis
|
0-0: Ball 1-0: Swinging Strike 1-1: Swinging Strike 1-2: Strikes out swinging
|
|
Batting: LHB Corey Lewis
|
0-0: Ground out 4-3 (Groundball, 4, EV 101.2 MPH)
|
|
Batting: RHB Min-chin Yi
|
0-0: Called Strike 0-1: Called Strike 0-2: Strikes out swinging
|
| Top of the 7th over - 0 runs, 0 hits, 0 errors, 0 left on base; San Antonio 3 - Biloxi 1 |
| BOTTOM OF THE 7TH |
|
Biloxi Shuckers batting - Pitching for San Antonio Missions : RHP Chris Leavitt
|
|
Batting: SHB Jamel Wright
|
0-0: Called Strike 0-1: SINGLE (Line Drive, 8RM, EV 85.6 MPH)
|
|
Batting: RHB Mike Ball
|
0-0: Ball Jamel Wright steals 2nd base 1-0: Ball 2-0: Foul Ball, location: 2F 2-1: Foul Ball, location: 2F 2-2: 2-RUN HOME RUN (Flyball, 8RXD, EV 114.4 MPH), Distance : 440 ft
|
|
Batting: RHB Eddie McCoy
|
0-0: Called Strike 0-1: Swinging Strike 0-2: Ball 1-2: Ground out 4-3 (Groundball, 34, EV 95.0 MPH)
|
|
Batting: RHB Joe LaDue
|
0-0: Foul Ball, location: 2F 0-1: Fly out, F1 (Line Drive, P, EV 67.5 MPH)
|
|
Batting: RHB Nick Garland
|
0-0: Ball 1-0: Foul Ball, location: 2F 1-1: Ball 2-1: DOUBLE (Line Drive, 89D, EV 100.6 MPH)
|
|
Batting: RHB Eric Sullivan
|
0-0: Foul Ball, location: 2F 0-1: Called Strike 0-2: Hit by Pitch
|
|
Batting: RHB Jamie Youngs
|
0-0: Ball 1-0: Called Strike 1-1: Fly out, F2 (Popup, 2RF, EV 94.4 MPH)
|
| Bottom of the 7th over - 2 runs, 3 hits, 0 errors, 2 left on base; San Antonio 3 - Biloxi 3 |
| TOP OF THE 8TH |
|
San Antonio Missions batting - Pitching for Biloxi Shuckers : LHP Trevor Sharp
|
|
Batting: SHB Curtis Thompson
|
0-0: Called Strike 0-1: Ball 1-1: Fly out, F4 (Flyball, 3D, EV 89.4 MPH)
|
|
Pinch Hitting: RHB Scott Schwartz
|
0-0: Foul Ball, location: 2F 0-1: Foul Ball, location: 2F 0-2: Strikes out swinging
|
|
Batting: RHB Nate Burkhalter
|
0-0: Swinging Strike 0-1: Ball 1-1: Called Strike 1-2: Strikes out looking
|
| Top of the 8th over - 0 runs, 0 hits, 0 errors, 0 left on base; San Antonio 3 - Biloxi 3 |
| BOTTOM OF THE 8TH |
|
Biloxi Shuckers batting - Pitching for San Antonio Missions : RHP Chris Leavitt
|
|
Pitching: RHP Zack Sharp
|
|
|
Now at SS: Ryohei Nakano
|
|
|
Batting: RHB Akitada Nishizawa
|
0-0: Ball 1-0: Ball 2-0: Ball 3-0: Foul Ball, location: 2F 3-1: Ground out 1-3 (Groundball, 13S, EV 71.9 MPH)
|
|
Pitching: LHP Leonor Bem
|
|
|
Pinch Hitting: RHB Tim Lively
|
0-0: Called Strike 0-1: Ball 1-1: Swinging Strike 1-2: Strikes out looking
|
|
Batting: SHB Jamel Wright
|
0-0: Called Strike 0-1: Ball 1-1: Swinging Strike 1-2: Strikes out swinging
|
| Bottom of the 8th over - 0 runs, 0 hits, 0 errors, 0 left on base; San Antonio 3 - Biloxi 3 |
| TOP OF THE 9TH |
|
San Antonio Missions batting - Pitching for Biloxi Shuckers : LHP Trevor Sharp
|
|
Now in CF: Akitada Nishizawa
|
|
|
Now in RF: Tim Lively
|
|
|
Batting: LHB Tsutomu Miyahara
|
0-0: Ball 1-0: Fly out, F8 (Flyball, 8RS, EV 82.5 MPH)
|
|
Batting: LHB Ben Antal
|
0-0: Called Strike 0-1: Fly out, F9 (Flyball, 9S, EV 89.4 MPH)
|
|
Batting: LHB Conrad Taylor
|
0-0: Swinging Strike 0-1: Ball 1-1: Ground out U3 (Groundball, 3, EV 90.0 MPH)
|
| Top of the 9th over - 0 runs, 0 hits, 0 errors, 0 left on base; San Antonio 3 - Biloxi 3 |
| BOTTOM OF THE 9TH |
|
Biloxi Shuckers batting - Pitching for San Antonio Missions : LHP Leonor Bem
|
|
Pitching: RHP Eric Fragoso
|
|
|
Batting: RHB Mike Ball
|
0-0: Ball 1-0: Called Strike 1-1: Ball 2-1: Ball 3-1: Called Strike 3-2: SINGLE (Line Drive, 6D, EV 105.0 MPH)
|
|
Batting: LHB Tony Morales
|
0-0: Called Strike 0-1: Called Strike 0-2: Foul Ball, location: 2F 0-2: Ball 1-2: Foul Ball, location: 2F 1-2: Ball 2-2: Strikes out swinging
|
|
Batting: RHB Joe LaDue
|
0-0: Ball 1-0: Foul Ball, location: 2F 1-1: Ball 2-1: Ball 3-1: Swinging Strike 3-2: Base on Balls Mike Ball to second
|
|
Batting: RHB Nick Garland
|
0-0: Ball 1-0: Ball 2-0: Foul Ball, location: 2F 2-1: Fly out, F2 (Popup, 3SF, EV 75.6 MPH)
|
|
Batting: RHB Eric Sullivan
|
0-0: Called Strike 0-1: Ground out 4-3 (Groundball, 34, EV 81.9 MPH)
|
| Bottom of the 9th over - 0 runs, 1 hit, 0 errors, 2 left on base; San Antonio 3 - Biloxi 3 |
| TOP OF THE 10TH |
|
San Antonio Missions batting - Pitching for Biloxi Shuckers : LHP Trevor Sharp
|
|
Batting: RHB Kyle Davis
|
0-0: Ball 1-0: Ball 2-0: Called Strike 2-1: Ball 3-1: Base on Balls
|
|
Batting: LHB Corey Lewis
|
0-0: Ball 1-0: Called Strike 1-1: Called Strike 1-2: Ball 2-2: 2-RUN HOME RUN (Flyball, 78XD, EV 104.4 MPH), Distance : 405 ft
|
|
Batting: RHB Min-chin Yi
|
0-0: Ball 1-0: Foul Ball, location: 2F 1-1: Ball 2-1: Foul Ball, location: 2F 2-2: Strikes out looking
|
|
Pitching: LHP Matt Hirschi
|
|
|
Batting: SHB Curtis Thompson
|
0-0: Fly out, F8 (Flyball, 8RD, EV 80.0 MPH)
|
|
Batting: SHB Ryohei Nakano
|
0-0: Ball 1-0: Called Strike 1-1: Foul Ball, location: 2F 1-2: Foul Ball, location: 2F 1-2: Strikes out swinging, 2-3 out at first.
|
| Top of the 10th over - 2 runs, 1 hit, 0 errors, 0 left on base; San Antonio 5 - Biloxi 3 |
| BOTTOM OF THE 10TH |
|
Biloxi Shuckers batting - Pitching for San Antonio Missions : RHP Eric Fragoso
|
|
Batting: RHB Jamie Youngs
|
0-0: Ball 1-0: Called Strike 1-1: Swinging Strike 1-2: Foul Ball, location: 2F 1-2: Foul Ball, location: 2F 1-2: Ball 2-2: Ball 3-2: Foul Ball, location: 2F 3-2: Strikes out swinging
|
|
Batting: RHB Akitada Nishizawa
|
0-0: Ball 1-0: Called Strike 1-1: Fly out, F7 (Line Drive, 7D, EV 111.9 MPH)
|
|
Batting: RHB Tim Lively
|
0-0: Ball 1-0: Ball 2-0: Called Strike 2-1: Called Strike 2-2: Fly out, F9 (Flyball, 89S, EV 83.8 MPH)
|
| Bottom of the 10th over - 0 runs, 0 hits, 0 errors, 0 left on base; San Antonio 5 - Biloxi 3 |
|